 Dungeon Crawl Stone Soup version 0.29.1-2-gbd0b4ee654 (webtiles) character file.

Game seed: 17220173314633769520

11 qeuew the Vexing (level 2, 8/16 HPs)
             Began as a Kobold Arcane Marksman on Nov 4, 2022.
             Quit the game on level 1 of the Dungeon.
             The game lasted 00:00:51 (554 turns).

qeuew the Vexing (Kobold Arcane Marksman)            Turns: 554, Time: 00:00:52

Health: 8/16       AC:  2    Str:  7    XL:     2   Next: 35%
Magic:  3/3        EV: 15    Int: 14    God:
Gold:   7          SH:  0    Dex: 15    Spells: 2/3 levels left

rFire   . . .      SeeInvis .   a - +1 sling
rCold   . . .      Faith    .   (no shield)
rNeg    . . .      Spirit   .   c - +0 robe
rPois   .          Reflect  .   (no helmet)
rElec   .          Harm     .   (no cloak)
rCorr   .          Rampage  .   (no gloves)
Will    .....                   (no boots)
Stlth   ++........              (no amulet)
HPRegen 0.05/turn               (no ring)
MPRegen 0.08/turn               (no ring)

@: no status effects
A: small, no large weapons, nightstalker 3
a: no special abilities


You were on level 1 of the Dungeon.
You visited 1 branch of the dungeon, and saw 1 of its levels.

You collected 7 gold pieces.

Inventory:

Hand Weapons
 a - a +1 sling (weapon)
Armour
 c - a +0 robe (worn)
Scrolls
 b - a scroll of poison
 e - 2 scrolls of identify {unknown}
Potions
 d - 2 potions of mutation {unknown}


   Skills:
 * Level 1.1 Fighting
 + Level 2.7 Ranged Weapons
 * Level 0.3 Armour
 * Level 3.1 Dodging
 * Level 1.1 Spellcasting
 + Level 3.1 Hexes


You had 2 spell levels left.
You knew the following spells:

 Your Spells              Type           Power      Damage    Failure   Level
a - Slow                  Hex            36%        N/A       7%          1

Your spell library contained the following spells:

 Spells                   Type           Power      Damage    Failure   Level
 Inner Flame              Hex/Fire       5%         N/A       38%         3
 Portal Projectile        Hex/Tloc       10%        N/A       38%         3
 Cause Fear               Hex            4%         N/A       56%         4


Dungeon Overview and Level Annotations

Branches:
Dungeon (1/15)

Altars:


Innate Abilities, Weirdness & Mutations

You are small and have problems with some larger weapons.
You are completely attuned to the shadows.


Message History

There is an open door here.
A ball python comes into view.
You shoot a sling bullet. The sling bullet hits the ball python.
You kill the ball python!
No target in view!
No target in view!
An endoplasm comes into view.
You shoot a sling bullet. The sling bullet hits the endoplasm.
The endoplasm quivers.
The endoplasm is lightly wounded.
You shoot a sling bullet. The sling bullet hits the endoplasm.
The endoplasm is moderately wounded.
An endoplasm is nearby!
You shoot a sling bullet.
The sling bullet hits the endoplasm but does no damage.
The endoplasm is moderately wounded.
The endoplasm completely misses you.
An endoplasm is nearby!
You shoot a sling bullet. The sling bullet hits the endoplasm.
The endoplasm is almost dead.
The endoplasm freezes you.
You are frozen.
You shoot a sling bullet. The sling bullet hits the endoplasm.
The endoplasm is almost dead.
The endoplasm freezes you.
You are frozen.
The endoplasm freezes you.
You are frozen.
You are too injured to fight recklessly!
You are too injured to fight recklessly!
You are too injured to fight recklessly!
You are too injured to fight recklessly!
You are too injured to fight recklessly!
You are too injured to fight recklessly!
An endoplasm is nearby!
You are too injured to fight recklessly!
You are too injured to fight recklessly!
You are too injured to fight recklessly!
You are too injured to fight recklessly!
Are you sure you want to abandon this character and quit the game? (Confirm with "yes".)

#..# #..#..
#..# ####.8
####..# #..
......# ##.
.###..# #.
#..# ##.
#..# #..
#####..#
#.8
...J@..#
#..
.#.#...#
####
.......#
#.##
.#.#.#.#
#...
.......
##.. #.#
#.. #.# #..
#.# #.[
##.########


You could see an endoplasm.

Vanquished Creatures
  A bat (D:1)
  An endoplasm (D:1)
  2 goblins (D:1)
  2 hobgoblins (D:1)
  A quokka (D:1)
  A ball python (D:1)
  A frilled lizard (D:1)
9 creatures vanquished.

Notes
Turn   | Place    | Note
-------+----------+-------------------------------------------
     0 | D:1      | qeuew the Kobold Arcane Marksman began the quest for the
                  | Orb.
     0 | D:1      | Reached XP level 1. HP: 12/12 MP: 2/2
   160 | D:1      | Reached XP level 2. HP: 8/16 MP: 0/3
   554 | D:1      | Quit the game

Illustrated notes

Levels and vault maps discovered:
D:1:      minmay_arrival_nine_rooms, layout_loops_ring,
          minmay_misc_feat_enclosed, nicolae_concentric_dashed_squares_mild

Skill      XL: |  1  2 |
---------------+-------+-----
Dodging        | 3 |  3.1
Fighting       | |  1.1
Ranged Weapons | |  2.7
Armour         | |  0.3
Spellcasting   | |  1.1
Hexes          | |  3.1

Action                   || total
-------------------------++-------
 Fire: Sling             ||    36
 Cast: Slow              ||     1
Armor: Robe              ||     1
Dodge: Dodged            ||    12
